Match 38409069
Unlisted

Match 38409069
End
Kettenkrad Recon Vehicle
Construct Infanterie Kompanie
Grenadier Squad
Grenadier Squad
Construct Luftwaffe Kompanie
Jäger Squad
Flak 30 Anti-aircraft Gun Team
Pioneer Squad
Medical Bunker
Jäger Squad
Construct Panzer Kompanie
Stoßtruppen Squad
Selects Luftwaffe Battlegroup
Selects Luftwaffe Pioneer Support
Selects Flak 38 Anti-Air Emplacement
Selects Infantry Reserves
Panzer IV Medium Tank
Panzer IV Medium Tank
Authoritarrr
Psycho14
SneaKerz
gb_gbg
0
0

Comments sign in to comment!

No comments posted yet!